 Dungeon Crawl Stone Soup version 0.21.0-25-ge575cb9 (webtiles) character file.

58 Mgcat the Ruffian (level 3, 0/28 HPs)
             Began as a Draconian Transmuter on Jan 23, 2018.
             Slain by an iguana (7 damage)
             ... on level 1 of the Dungeon.
             The game lasted 00:01:52 (1180 turns).

Mgcat the Ruffian (Draconian Transmuter)            Turns: 1180, Time: 00:01:53

Health: 0/28       AC:  5    Str: 12    XL:     3   Next: 75%
Magic:  6/6        EV: 12    Int: 14    God:
Gold:   34         SH:  0    Dex: 11    Spells: 5/6 levels left

rFire    . . .     SeeInvis .     - Unarmed
rCold    . . .     Gourm    .   (no shield)
rNeg     . . .     Faith    .   (armour unavailable)
rPois    .         Spirit   .   (helmet restricted)
rElec    .         Reflect  .   (no cloak)
rCorr    .         Harm     .   (no gloves)
MR       .....                  (no boots)
Stlth    +.........             (no amulet)
HPRegen  0.09/turn              (no ring)
MPRegen  0.10/turn              (no ring)

@: no status effects
A: unfitting armour, cold-blooded, AC +5
a: no special abilities


You were on level 1 of the Dungeon.
You were not hungry.

You visited 1 branch of the dungeon, and saw 2 of its levels.

You collected 34 gold pieces.

Inventory:

Missiles
 a - 12 arrows
Scrolls
 g - 2 scrolls of remove curse {unknown}
 h - a scroll of amnesia {unknown}
Potions
 e - a potion of curing {unknown}
 f - a potion of ambrosia {unknown}
 i - 2 potions of invisibility {unknown}
Books
 b - a book of Changes

   Spells                             Type                      Level
   a - Beastly Appendage              Transmutation                1
   b - Sticks to Snakes               Transmutation                2
   c - Spider Form                    Transmutation/Poison         3
   d - Ice Form                       Ice/Transmutation            4
   e - Blade Hands                    Transmutation                5
Comestibles
 c - a ration
 d - 4 chunks of flesh


   Skills:
 - Level 1.1 Fighting
 - Level 1.7 Dodging
 + Level 4.7 Unarmed Combat
 - Level 2.0 Spellcasting
 - Level 2.0 Transmutations


You had 5 spell levels left.
You knew the following spells:

 Your Spells              Type           Power        Failure   Level  Hunger
a - Beastly Appendage     Tmut           #.....       11%         1    ##.....


Dungeon Overview and Level Annotations

Branches:
Dungeon (2/15)

Altars:


Innate Abilities, Weirdness & Mutations

Your plain brown scales are hard. (AC +5)
You cannot fit into any form of body armour.
You are cold-blooded and may be slowed by cold attacks.


Message History

The iguana barely misses you.
There is a stone staircase leading up here.
The iguana barely misses you. The hobgoblin hits you.
You climb upwards.
There is a stone staircase leading down here.
The iguana misses you.
You hit the iguana.
Your tail-slap misses the iguana.
The iguana is lightly wounded.
The iguana barely misses you.
You closely miss the iguana.
The iguana is lightly wounded.
The iguana bites you.
You closely miss the iguana.
The iguana is lightly wounded.
The iguana bites you!
* * * LOW HITPOINT WARNING * * *
You closely miss the iguana.
The iguana is lightly wounded.
The iguana bites you!
You die...

#.##.#.......# ##....#####
#.##.........# ###...#####
#.###........# #..........
#...#.#####..# ####.##.#.####
###.....# ##.## #....##....###
####.#.# #>.# ###.####.......#
#...>..#####.# #...........(...
#............####...............
#............gl@................
##............####...............
..............####...............
#.....##...................###.##
##...######.##.##........###...#
#.#.###....##.##........###.###
#...#...#####........#####..####
###....######...#....######......
.##........#.........##......####


You could see an iguana and a hobgoblin.

Vanquished Creatures
  A gnoll (D:1)
  An ooze (D:1)
  A dart slug (D:1)
  2 leopard geckos (D:1)
  4 bats (D:1)
  3 giant cockroaches (D:1)
  3 goblins (D:1)
  5 hobgoblins
  9 jackals (D:1)
  3 frilled lizards
  A kobold (D:1)
  3 rats (D:1)
36 creatures vanquished.

Notes
Turn   | Place    | Note
-------+----------+-------------------------------------------
     0 | D:1      | Mgcat the Draconian Transmuter began the quest for the Orb.
     0 | D:1      | Reached XP level 1. HP: 16/16 MP: 3/3
   125 | D:1      | Reached XP level 2. HP: 11/23 MP: 5/5
   356 | D:1      | Reached skill level 4 in Unarmed Combat
   509 | D:1      | Reached XP level 3. HP: 15/28 MP: 6/6
  1180 | D:1      | Slain by an iguana

Skill      XL: |  1  2 |
---------------+-------+-----
Unarmed Combat | 4 |  4.7
Fighting       | |  1.1
Dodging        | |  1.7
Spellcasting   | |  2.0
Transmutations | |  2.0

Action                   || total
-------------------------++-------
Melee: Unarmed           ||   143
       Tailslap          ||    10
       Punch             ||     4
  Eat: Chunk             ||     1
Armor: Skin              ||    38
Dodge: Dodged            ||   107
